 Dungeon Crawl Stone Soup version 0.23.0-3-gf3c87f2df8 (webtiles) character file.

Game seed: 1622758407961116617

2009 Danqa the Covert (level 9, 0/46 HPs)
             Began as a Spriggan Assassin on Feb 24, 2019.
             Was an Initiate of Dithmenos.
             Slain by a phantom (9 damage)
             ... on level 6 of the Dungeon.
             The game lasted 00:28:20 (10597 turns).

Danqa the Covert (Spriggan Assassin)               Turns: 10597, Time: 00:28:20

Health: 0/46       AC:  4    Str:  7    XL:     9   Next: 2%
Magic:  12/12      EV: 24    Int: 13    God:    Dithmenos [......]
Gold:   319        SH:  0    Dex: 20    Spells: 8/8 levels left

rFire    . . .     SeeInvis +   f - +0 rapier
rCold    + . .     Gourm    .   (shield restricted)
rNeg     . . .     Faith    .   c - +1 robe
rPois    .         Spirit   .   (helmet restricted)
rElec    .         Reflect  .   d - +0 cloak
rCorr    .         Harm     .   (gloves unavailable)
MR       +....                  (boots unavailable)
Stlth    +++++.....             (no amulet)
HPRegen  0.15/turn              i - ring of protection from cold
MPRegen  0.13/turn              s - ring of flight

@: very quick
A: very small, unfitting armour, see invisible, herbivore, speed 3, slow
metabolism 2
a: Renounce Religion, Evoke Flight


You were on level 6 of the Dungeon.
You worshipped Dithmenos.
Dithmenos was noncommittal.
You were near starving.

You visited 2 branches of the dungeon, and saw 7 of its levels.

You collected 319 gold pieces.

Inventory:

Hand Weapons
 a - a +2 dagger
 b - a +0 blowgun
 f - a +0 rapier (weapon)
 v - a +8 club
Missiles
 e - 16 poisoned needles
 k - a throwing net (quivered)
 w - 2 needles of confusion
Armour
 c - a +1 robe (worn)
 d - a +0 cloak (worn)
Jewellery
 i - a ring of protection from cold (left hand)
 s - a ring of flight (right hand)
Wands
 h - a wand of enslavement (9)
 u - a wand of random effects (7)
Scrolls
 j - 2 scrolls of remove curse
 l - a scroll of enchant weapon {unknown}
 m - 2 scrolls of fog
 o - 2 scrolls of enchant armour
 p - a scroll of teleportation
 r - a scroll of noise
 t - 2 scrolls of fear
 x - a scroll of identify
Potions
 n - a potion of magic
 q - a potion of flight
 z - 2 potions of cancellation {unknown}
Comestibles
 g - 9 rations


   Skills:
 + Level 4.9 Fighting
 + Level 6.4 Short Blades
 + Level 0.1 Maces & Flails
 - Level 2.2 Throwing
 + Level 7.6 Dodging
 + Level 11.3 Stealth
 + Level 2.7 Evocations


You had 8 spell levels left.
You didn't know any spells.
Your spell library was empty.

Dungeon Overview and Level Annotations

Branches:
Dungeon (6/15)             Temple (1/1) D:5

Altars:
Ashenzari
Cheibriados
Dithmenos
Elyvilon
Fedhas
Hepliaklqana
Kikubaaqudgha
Makhleb
Nemelex Xobeh
Okawaru
Ru
Sif Muna
Trog
Uskayaw
Vehumet
Yredelemnul
Zin
The Shining One


Innate Abilities, Weirdness & Mutations

You are very small and have problems with some larger weapons.
You are too small for most types of armour.
You have supernaturally acute eyesight. (SInv)
You are a herbivore.
You cover ground extremely quickly.
You need to consume almost no food.


Message History

The phantom is moderately damaged.
You hear a shout!
The centaur wields a +0 shortbow.
The centaur shoots an arrow.
The arrow barely misses you.
The arrow barely misses the phantom.
You barely miss the phantom.
The phantom is moderately damaged.
The centaur shoots an arrow.
The arrow misses you.
The arrow misses the phantom.
The phantom completely misses you.
The orc wizard casts a spell.
The orc wizard blinks!
The centaur shoots an arrow.
The arrow completely misses you.
The arrow misses the phantom.
You miss the phantom.
The phantom is moderately damaged.
The phantom hits you!
The orc wizard gestures at you while chanting.
The magic dart hits you.
The centaur shoots an arrow.
The arrow hits you!
* * * LOW HITPOINT WARNING * * *
You are too injured to fight recklessly!
The phantom hits you!
You die...

#.....##########.#.####.
+.....'.................
#.....##########.#.####.
#...b.# #.#.#####
#.....####### #.#......
#####.......####.#######
#..........#.#
#..........#.#
#.$@ยง......#.#
####.W(.......#.#
.............c.#.#
######.....o.#.#
#..#.........
##.#......#.#
#.#......#.#
#.#......#.#
#.#......#.#


You could see a phantom, a centaur and an orc wizard.

Vanquished Creatures
  A yak (D:4)
  Duvessa (D:5)
  3 orc warriors (D:5)
  3 ogres
  2 centaurs (D:5)
  A bullfrog (D:6)
  A gnoll sergeant (D:5)
  Dowan (D:5)
  5 wights
  A crimson imp (D:6)
  A howler monkey (D:6)
  2 jellies (D:5)
  A bullfrog skeleton (D:5)
  An orc priest (D:4)
  An orc wizard (D:4)
  Ijyb (D:3)
  2 iguanas
  4 worker ants
  A hound zombie (D:5)
  A hound skeleton (D:4)
  3 gnolls (D:5)
  8 adders
  An ooze (D:3)
  5 worms
  2 dart slugs
  3 leopard geckos
  14 orcs
  10 bats
  4 giant cockroaches
  8 goblins
  4 hobgoblins
  6 jackals
  9 kobolds
  A quokka (D:3)
  6 frilled lizards
  A leopard gecko skeleton (D:5)
  8 rats
127 creatures vanquished.

Vanquished Creatures (collateral kills)
  A phantom (D:4)
  A jackal (D:4)
2 creatures vanquished.

Grand Total: 129 creatures vanquished

Notes
Turn   | Place    | Note
-------+----------+-------------------------------------------
     0 | D:1      | Danqa the Spriggan Assassin began the quest for the Orb.
     0 | D:1      | Reached XP level 1. HP: 10/10 MP: 2/2
   221 | D:1      | Reached skill level 6 in Stealth
   281 | D:1      | Reached XP level 2. HP: 10/14 MP: 3/3
   830 | D:2      | Reached XP level 3. HP: 13/18 MP: 4/4
  1062 | D:2      | Reached skill level 7 in Stealth
  1262 | D:2      | Found a deep blue altar of Sif Muna.
  1422 | D:3      | Reached XP level 4. HP: 23/23 MP: 5/5
  1536 | D:3      | Found an iron altar of Okawaru.
  1995 | D:3      | Noticed Ijyb
  2052 | D:3      | Killed Ijyb
  2076 | D:3      | Reached XP level 5. HP: 14/26 MP: 6/6
  2732 | D:3      | Reached skill level 8 in Stealth
  3745 | D:3      | Reached XP level 6. HP: 6/30 MP: 7/7
  4974 | D:5      | Entered Level 5 of the Dungeon
  4975 | D:5      | Noticed a yak
  4975 | D:5      | Noticed Duvessa
  5289 | D:4      | Killed a yak
  5289 | D:4      | Reached skill level 5 in Dodging
  5718 | D:5      | Noticed an orc warrior
  5858 | D:4      | Reached skill level 1 in Evocations
  5858 | D:4      | Reached XP level 7. HP: 15/35 MP: 8/8
  6056 | D:5      | Noticed Dowan
  6541 | D:5      | Reached skill level 5 in Short Blades
  6541 | D:5      | Reached skill level 9 in Stealth
  6698 | D:5      | Found a sparkling altar of Nemelex Xobeh.
  7001 | D:5      | Found a staircase to the Ecumenical Temple.
  7009 | Temple   | Entered the Ecumenical Temple
  7150 | Temple   | Became a worshipper of Dithmenos the Shadowed
  7589 | D:5      | Reached XP level 8. HP: 40/40 MP: 10/10
  7704 | D:5      | Reached skill level 10 in Stealth
  9323 | D:5      | Killed Duvessa
  9323 | D:5      | Reached skill level 11 in Stealth
  9366 | D:5      | HP: 1/42 [Dowan/stone arrow (12)]
  9378 | D:5      | Killed Dowan
 10416 | D:6      | Reached XP level 9. HP: 46/46 MP: 12/12
 10508 | D:6      | Found a glowing silver altar of Zin.
 10597 | D:6      | Slain by a phantom

Skill      XL: |  1  2  3  4  5  6  7  8 |
---------------+-------------------------+-----
Stealth        | 6 7 8 9 11 | 11.3
Dodging        | 2 3 5 6 7 |  7.6
Short Blades   | 3 4 5 6 |  6.4
Fighting       | 2 3 4 |  4.9
Evocations     | 1 2 |  2.7
Maces & Flails | |  0.1
Throwing       | |  2.2

Action                   |  1- 3 |  4- 6 |  7- 9 || total
-------------------------+-------+-------+-------++-------
Melee: Dagger            |   131 |   304 |   176 ||   611
       Club              |       |     5 |       ||     5
       Rapier            |       |       |    45 ||    45
 Fire: Blowgun           |       |    33 |    88 ||   121
Evoke: Wand              |       |    11 |     1 ||    12
  Use: Scroll            |     1 |     4 |     4 ||     9
       Potion            |       |     3 |       ||     3
 Stab: Sleeping          |    15 |    13 |    10 ||    38
       Distracted        |     1 |     1 |     4 ||     6
       Confused          |       |       |     1 ||     1
  Eat: Ration            |       |     2 |     1 ||     3
Armor: Robe              |    27 |    15 |    10 ||    52
       Skin              |       |     4 |       ||     4
Dodge: Dodged            |   123 |   249 |   162 ||   534
